 Dungeon Crawl Stone Soup version 0.26.0-57-g60708a5e39 (webtiles) character file.

Game seed: 16479295014031059298

6081 Gauvater the Cleaver (level 10, -2/89 HPs)
             Began as a Palentonga Fighter on Feb 1, 2021.
             Was a Follower of Ashenzari.
             Slain by a wolf (6 damage)
             ... on level 9 of the Dungeon.
             The game lasted 00:46:02 (12028 turns).

Gauvater the Cleaver (Palentonga Fighter)          Turns: 12028, Time: 00:46:03

Health: -2/89      AC: 20    Str: 22    XL:     10   Next: 58%
Magic:  10/10      EV:  5    Int:  9    God:    Ashenzari [*.....]
Gold:   400        SH: 10    Dex: 10    Spells: 9/9 levels left

rFire    + . .     SeeInvis +   P - +6 broad axe of Latec {holy, rN+ Will+ SInv} (curse)
rCold    + . .     Faith    +   c - +0 kite shield (curse)
rNeg     + . .     Spirit   .   h - -1 chain mail (curse)
rPois    +         Reflect  .   (no helmet)
rElec    +         Harm     .   q - scarf {+Inv} (curse)
rCorr    +         Rampage  .   o - +0 pair of gloves
Will     +....                  (no barding)
Stlth    ..........             s - amulet of faith
HPRegen  0.24/turn              O - ring of wizardry
MPRegen  0.12/turn              Q - +4 ring of protection

@: mighty, resistant, curled up
A: large, rugged brown scales 3, see invisible, deformed body, roll 1, armoured
tail, reflexive curl
a: Rolling Charge, Renounce Religion, Evoke Invisibility, Curse Item, Scrying


You were on level 9 of the Dungeon.
You worshipped Ashenzari.
Ashenzari was aware of your devotion.
You visited 2 branches of the dungeon, and saw 10 of its levels.

You collected 538 gold pieces.
You spent 138 gold pieces at shops.

Inventory:

Hand Weapons
 a - a +0 war axe
 d - a +3 war axe
 f - a +0 dagger of venom
 v - a +3 hunting sling
 P - the cursed +6 broad axe of Latec (weapon) {holy, rN+ Will+ SInv}
   (You found it on level 7 of the Dungeon)

   It has been blessed by the Shining One to cause great damage to the undead
   and demons.
   It protects you from negative energy.
   It affects your willpower, your defense against some magical effects.
   It lets you see invisible.
   It has a curse placed upon it.
Missiles
 e - 45 arrows
 i - 29 poisoned darts
 l - 7 javelins
 r - 52 sling bullets
 C - 105 stones
 F - 10 boomerangs
 K - 31 bolts
 V - 4 throwing nets
Armour
 b - a +0 scale mail
 c - a cursed +0 kite shield (worn)
 h - a cursed -1 chain mail (worn)
 o - a +0 pair of gloves (worn)
 q - a cursed scarf of invisibility (worn)
 E - a +0 robe
Magical Staves
 R - an uncursed staff of air
Jewellery
 s - an amulet of faith (around neck)
 O - a ring of wizardry (left hand)
 Q - a +4 ring of protection (right hand)
 W - an uncursed ring of magical power
Wands
 u - a wand of flame (28)
 G - a wand of paralysis (9)
 I - a wand of disintegration (16)
 L - a wand of random effects (24)
 S - a wand of digging (5)
Scrolls
 j - 5 scrolls of teleportation
 m - 3 scrolls of fear {unknown}
 t - 2 scrolls of immolation {unknown}
 y - 2 scrolls of blinking {unknown}
 B - a scroll of random uselessness {unknown}
 D - 6 scrolls of identify
 J - a scroll of amnesia {unknown}
 N - a scroll of acquirement {unknown}
 T - 2 scrolls of remove curse
 U - a scroll of magic mapping
Potions
 g - 3 potions of attraction {unknown}
 k - a potion of invisibility {unknown}
 n - 3 potions of resistance
 p - a potion of mutation {unknown}
 w - a potion of magic {unknown}
 x - 3 potions of lignification {unknown}
 z - a potion of heal wounds {unknown}
 A - a potion of degeneration {unknown}
 H - 3 potions of cancellation {unknown}
 X - a potion of curing


   Skills:
 + Level 6.3 Fighting
 + Level 11.3 Axes
 + Level 1.3 Throwing
 + Level 5.9 Armour
 + Level 2.7 Dodging
 + Level 1.0 Stealth
 + Level 5.6 Shields


You had 9 spell levels left.
You didn't know any spells.
Your spell library contained the following spells:

 Spells                   Type           Power        Failure   Level
 Beastly Appendage        Tmut           0%           91%         1
 Freeze                   Ice            0%           91%         1
 Wereblood                Tmut           0%           97%         2
 Frozen Ramparts          Ice            0%           99%         3
 Ozocubu's Armour         Ice            0%           99%         3
 Spider Form              Tmut/Pois      0%           99%         3
 Hailstorm                Conj/Ice       0%           100%        4
 Ice Form                 Ice/Tmut       0%           100%        4
 Summon Ice Beast         Ice/Summ       0%           100%        4
 Blade Hands              Tmut           0%           100%        5


Dungeon Overview and Level Annotations

Branches:
Dungeon (9/15)             Temple (1/1) D:7            Lair (0/6) D:9
    Orc: D:9-12

Altars:
Ashenzari
Cheibriados
Dithmenos
Elyvilon
Fedhas
Gozag
Hepliaklqana
Kikubaaqudgha
Makhleb
Nemelex Xobeh
Okawaru
Qazlal
Ru
Sif Muna
Trog
Uskayaw
Vehumet
Xom
Yredelemnul
Zin
The Shining One

Shops:
D:8 ?

Annotations:
D:3 1 runed translucent door, Grinder


Innate Abilities, Weirdness & Mutations

You are completely covered in rugged brown scales. (AC +3, +7% HP)
You have supernaturally acute eyesight. (SInv)
Armour fits poorly on your strangely shaped body.
You can roll at nearby foes to attack.
You have a long armoured tail.
You curl defensively after being hit.


Message History

The wyvern bites you!
* * * LOW HITPOINT WARNING * * *
Okay, then.
Okay, then.
Okay, then.
You feel better.
The wyvern bites you but does no damage.
You block the wyvern's attack.
You feel very mighty all of a sudden. The wyvern bites you.
* * * LOW HITPOINT WARNING * * *
You slice the wyvern!!
You kill the wyvern!
The wolf bites you.
* * * LOW HITPOINT WARNING * * *
You miss the wolf.
You tail-slap the wolf, but do no damage.
The wolf is severely wounded.
You block the wolf's attack. The wolf bites you.
You die...

≈≈≈≈≈≈≈$≈≈≈≈≈.≈.
≈≈≈≈≈;≈≈≈≈≈≈≈≈...
.≈≈..≈≈.≈≈≈..≈...
........)≈...≈..
......≈.........
.#####.#####.##....##
....... #.# ...#
.......#####.# ..#
>........@h..# ##
.......####.##
....... #.### .......
##...## .......
#.._..## .......
#.#.#..# .......
#......# #####..
#####..#### #.......#


You could see a wolf.

Vanquished Creatures
  Harold (D:8)
  A centaur warrior (D:8)
  Pikel (D:7)
  A deep elf mage (D:8)
  A troll (D:9)
  A wyvern (D:9)
  2 sky beasts
  An orc warrior (D:7)
  2 black bears
  An ice beast (D:8)
  10 ogres
  A centaur (D:6)
  A wolf (D:9)
  A lemure (D:7)
  2 bullfrogs
  2 water moccasin skeletons (D:8)
  A scorpion (D:5)
  A killer bee (D:7)
  5 wights
  An electric eel (D:9)
  2 howler monkeys
  2 centaur zombies
  3 orc wizards
  3 orc priests
  A centaur skeleton (D:4)
  5 hounds
  4 jellies
  2 bullfrog skeletons
  Jessica (D:3)
  5 iguanas
  9 worker ants
  4 worker ant zombies
  7 gnolls
  8 adders
  3 shadow imps
  4 white imps
  An ufetubus (D:5)
  3 adder skeletons
  10 leopard geckos
  24 orcs
  3 bat zombies (D:3)
  5 giant cockroaches
  13 goblins
  4 hobgoblins
  3 jackals (D:8)
  5 kobolds
  8 quokkas
  4 ball pythons
  5 bats
  3 frilled lizards
  A giant cockroach zombie (D:5)
  A leopard gecko zombie (D:5)
  13 rats
206 creatures vanquished.

Vanquished Creatures (others)
  4 plants (D:7)
4 creatures vanquished.

Grand Total: 210 creatures vanquished

Notes
Turn   | Place    | Note
-------+----------+-------------------------------------------
     0 | D:1      | Gauvater the Palentonga Fighter began the quest for the
                  | Orb.
     0 | D:1      | Reached XP level 1. HP: 20/20 MP: 1/1
   502 | D:1      | Reached XP level 2. HP: 22/27 MP: 2/2
   717 | D:1      | Found a shimmering altar of Xom.
   719 | D:1      | Found a bloodstained altar of Trog.
   719 | D:1      | Found a hazy altar of Hepliaklqana.
   721 | D:1      | Found a bloodstained altar of Trog.
   721 | D:1      | Found a burning altar of Makhleb.
   721 | D:1      | Found a broken altar of Ashenzari.
   843 | D:2      | Reached XP level 3. HP: 16/33 MP: 3/3
  2043 | D:3      | Found a glowing silver altar of Zin.
  2043 | D:3      | Noticed an angel
  2044 | D:3      | Found a runed translucent door.
  2049 | D:3      | Reached skill level 3 in Axes
  2059 | D:3      | Noticed Grinder
  2062 | D:3      | Noticed Jessica
  2064 | D:3      | Paralysed by Grinder for 6 turns
  2504 | D:3      | Reached XP level 4. HP: 34/40 MP: 4/4
  2707 | D:3      | Found an ancient bone altar of Kikubaaqudgha.
  2759 | D:3      | Killed Jessica
  3353 | D:4      | Reached XP level 5. HP: 30/49 MP: 5/5
  3357 | D:4      | Reached skill level 4 in Axes
  3497 | D:4      | Noticed an ogre
  3519 | D:4      | Killed an ogre
  3772 | D:4      | Reached XP level 6. HP: 45/55 MP: 6/6
  4472 | D:4      | Reached skill level 5 in Axes
  4684 | D:5      | Entered Level 5 of the Dungeon
  4929 | D:5      | Found a sacrificial altar of Ru.
  4929 | D:5      | Found a bloodstained altar of Trog.
  4929 | D:5      | Found a shadowy altar of Dithmenos.
  4929 | D:5      | Found an iron altar of Okawaru.
  4965 | D:5      | Noticed a sky beast
  4973 | D:5      | Gained mutation: You curl defensively after being hit.
                  | [Palentonga growth]
  4973 | D:5      | Reached XP level 7. HP: 61/63 MP: 7/7
  5110 | D:5      | Reached skill level 1 in Dodging
  5350 | D:5      | Reached skill level 6 in Axes
  5489 | D:5      | Reached skill level 1 in Throwing
  5725 | D:5      | Reached XP level 8. HP: 54/71 MP: 8/8
  6403 | D:6      | Reached skill level 7 in Axes
  6483 | D:6      | Got an ichor-stained scale mail
  6508 | D:5      | Identified the cursed +0 scale mail of the Shore {rPois
                  | Regen+ Str-5} (You found it on level 6 of the Dungeon)
  7479 | D:6      | Reached skill level 8 in Axes
  7801 | D:6      | Reached skill level 5 in Fighting
  8361 | D:6      | Reached XP level 9. HP: 60/79 MP: 9/9
  9261 | D:7      | Reached skill level 9 in Axes
  9332 | D:7      | Noticed Pikel
  9475 | D:7      | Paralysed by Pikel for 2 turns
  9478 | D:7      | Killed Pikel
  9479 | D:7      | Reached skill level 5 in Shields
  9558 | D:7      | Found a staircase to the Ecumenical Temple.
  9573 | Temple   | Entered the Ecumenical Temple
 10041 | D:7      | Found a broken altar of Ashenzari.
 10046 | D:7      | Became a worshipper of Ashenzari the Shackled
 10457 | D:7      | Identified the +6 broad axe of Latec {holy, rN+ Will+ SInv}
 10673 | D:8      | Noticed a deep elf mage
 10680 | D:8      | Killed a deep elf mage
 10681 | D:8      | Reached skill level 10 in Axes
 10681 | D:8      | Reached skill level 5 in Armour
 10713 | D:8      | Noticed a centaur warrior
 10717 | D:8      | Killed a centaur warrior
 10718 | D:8      | Reached XP level 10. HP: 60/88 MP: 10/10
 10980 | D:8      | Noticed Harold
 10982 | D:8      | Reached * piety under Ashenzari
 10992 | D:8      | Killed Harold
 10993 | D:8      | Reached skill level 11 in Axes
 11257 | D:8      | Found Adybbui's Magic Scroll Emporium.
 11265 | D:8      | Bought a scroll of identify for 24 gold pieces
 11265 | D:8      | Bought a scroll of remove curse for 36 gold pieces
 11265 | D:8      | Bought a scroll of remove curse for 36 gold pieces
 11265 | D:8      | Bought a scroll of magic mapping for 42 gold pieces
 11953 | D:9      | Found a shimmering blue altar of Sif Muna.
 12008 | D:9      | Found a staircase to the Lair.
 12016 | D:9      | Reached skill level 1 in Stealth
 12027 | D:9      | HP: 4/88 [wolf (6)]
 12028 | D:9      | Slain by a wolf

Illustrated notes

Levels and vault maps discovered:
D:1:      dpeg_arrival_orchard, layout_rooms, doesnt_xom_only_xom
D:2:      layout_basic, dk_noncrumbling_4
D:3:      layout_basic, lemuel_zombie_altar_kikubaaqudgha, lemuel_angel_altar,
          uniq_jessica, uniq_grinder
D:4:      layout_loops_ring
D:5:      layout_layer_cave, chequers_temple_overflow_statue_of_worship,
          minmay_ogre_servants
D:6:      layout_loops_cross
D:7:      minmay_bubble_buster, layout_cave_pools, ashenzari_altar_1,
          minmay_temple_entry_overgrown, uniq_pikel
D:8:      layout_gridville, serial_shops, shop, kb_rosetta, uniq_harold
D:9:      minmay_separated_statues, layout_basic, lemuel_crystal_altar,
          erik_lair_island, hangedman_feature_mirror
Temple:   regret_index_temple_waves

Skill      XL: |  1  2  3  4  5  6  7  8  9 10 |
---------------+-------------------------------+-----
Axes           | 3 4 5 6 8 10 11 | 11.3
Armour         | 3 4 5 |  5.9
Shields        | 3 4 5 |  5.6
Fighting       | 4 5 6 |  6.3
Dodging        | 1 2 |  2.7
Throwing       | 1 |  1.3
Stealth        | 1 |  1.0

Action                   |  1- 3 |  4- 6 |  7- 9 | 10-12 || total
-------------------------+-------+-------+-------+-------++-------
Melee: War axe           |   121 |   133 |   288 |       ||   542
       Tailslap          |     4 |    14 |    39 |     7 ||    64
       Broad axe         |       |       |    19 |    62 ||    81
 Fire: Hunting sling     |       |       |     1 |       ||     1
Throw: Dart              |     2 |     3 |    12 |       ||    17
       Throwing net      |     1 |     2 |     1 |       ||     4
Invok: Curse Item        |       |       |     3 |       ||     3
 Abil: Rolling Charge    |     4 |     5 |    35 |    10 ||    54
Evoke: Wand              |       |       |       |     2 ||     2
  Use: Potion            |     3 |       |     4 |     4 ||    11
       Scroll            |     1 |       |     2 |       ||     3
 Stab: Paralysed         |       |       |       |     1 ||     1
Armor: Scale mail        |    81 |    54 |    52 |       ||   187
       Skin              |       |       |    16 |       ||    16
       Chain mail        |       |       |    36 |    31 ||    67
Dodge: Dodged            |    40 |    30 |    78 |    15 ||   163
Block: Kite shield       |    71 |    69 |   134 |    36 ||   310
